 Dungeon Crawl Stone Soup version 0.30.1-4-g462c640d31 (webtiles) character file.

Game seed: 15643811925692267045

21042 monsoonserge the Grappler (level 12, -12/123 HPs)
             Began as a Troll Fighter on Aug 12, 2023.
             Was an Elder of Wu Jian.
             Mangled by an azure jelly (21 damage)
             ... in an ice cave.
             The game lasted 00:30:09 (9876 turns).

monsoonserge the Grappler (Troll Fighter)           Turns: 9876, Time: 00:30:10

Health: -12/123    AC:  7    Str: 33    XL:     12   Next: 50%
Magic:  0/11       EV: 10    Int:  8    God:    Wu Jian [****..]
Gold:   627        SH: 10    Dex:  9    Spells: 11/11 levels left

rFire   . .          .
                       - Unarmed
rCold   + . .        b - +0 kite shield
rNeg    . . .        f - +0 robe {rC+}
rPois   .            (helmet restricted)
rElec   .            O - +2 cloak
rCorr   .            (gloves unavailable)
SInv    .            (boots unavailable)
Will    +....        C - amulet of guardian spirit
Stlth   +            K - ring of willpower
HPRegen 1.20/turn    I - +6 ring of strength
MPRegen 0.12/turn

%: guardian spirit
@: mighty, hasted, very quick
A: large, unfitting armour, claws 3, regeneration 1, shaggy fur 1, tough skin 1
a: Renounce Religion, Wall Jump, Serpent's Lash


You were in an ice cave.
You worshipped Wu Jian.
Wu Jian was greatly pleased with you.
You visited 3 branches of the dungeon, and saw 14 of its levels.
You also visited: Ossuary, Bailey and Ice Cave.

You collected 711 gold pieces.
You spent 84 gold pieces at shops.

Inventory:

Hand Weapons
 P - a +1 heavy sling
Missiles
 y - 17 poisoned darts (quivered)
 R - 4 atropa-tipped darts
Armour
 a - a +1 robe of willpower
 b - a +0 kite shield (worn)
 f - a +0 robe of cold resistance (worn)
 k - a +0 troll leather armour
 J - +1 swamp dragon scales
 O - a +2 cloak (worn)
Magical Staves
 e - a staff of earth
Jewellery
 n - an amulet of regeneration
 q - a +6 ring of dexterity
 C - an amulet of guardian spirit (around neck)
 I - a +6 ring of strength (right claw)
 K - a ring of willpower (left claw)
Wands
 A - a wand of iceblast (18)
 E - a wand of digging (4)
 F - a wand of quicksilver (21)
 G - a wand of paralysis (11)
Scrolls
 d - 3 scrolls of blinking
 j - 6 scrolls of teleportation
 l - 2 scrolls of fog
 r - 3 scrolls of magic mapping
 v - 4 scrolls of vulnerability
 w - 4 scrolls of enchant armour
 B - a scroll of silence
 D - a scroll of torment
 H - 4 scrolls of poison
Potions
 c - 2 potions of might
 g - 3 potions of invisibility
 h - 4 potions of lignification
 i - 10 potions of curing
 m - 2 potions of brilliance {unknown}
 o - 2 potions of berserk rage {unknown}
 p - 6 potions of heal wounds {unknown}
 s - 2 potions of haste
 t - a potion of flight {unknown}
 u - 4 potions of mutation {unknown}
 x - 2 potions of attraction {unknown}
 z - 3 potions of resistance
 M - a potion of magic {unknown}
 N - a potion of cancellation {unknown}
Miscellaneous
 L - a phial of floods
 Q - a lightning rod (4/4)


   Skills:
 + Level 9.0 Fighting
 + Level 5.6 Dodging
 + Level 9.8 Shields
 * Level 14.3 Unarmed Combat


You had 11 spell levels left.
You didn't know any spells.
Your spell library contained the following spells:

 Spells                   Type           Power      Damage    Failure   Level
 Beastly Appendage        Tmut           0%         N/A       54%         1
 Necrotise                Necr           0%         1d4       54%         1
 Summon Small Mammal      Summ           0%         N/A       54%         1
 Lesser Beckoning         Tloc           0%         N/A       69%         2
 Wereblood                Tmut           0%         N/A       69%         2
 Call Canine Familiar     Summ           0%         N/A       89%         3
 Gell's Gravitas          Tloc           0%         N/A       89%         3
 Ozocubu's Armour         Ice            0%         N/A       89%         3
 Portal Projectile        Hex/Tloc       0%         N/A       89%         3
 Spider Form              Tmut/Pois      0%         N/A       89%         3
 Summon Guardian Golem    Hex/Summ       0%         N/A       89%         3
 Teleport Other           Tloc           0%         N/A       89%         3
 Vampiric Draining        Necr           0%         2d6       89%         3
 Anguish                  Hex/Necr       0%         N/A       100%        4
 Cause Fear               Hex            0%         N/A       100%        4
 Leda's Liquefaction      Hex/Erth       0%         N/A       100%        4
 Agony                    Necr           0%         N/A       100%        5
 Freezing Cloud           Conj/Ice/Air   0%         6-21      100%        5
 Dispersal                Tloc           0%         N/A       100%        6
 Enfeeble                 Hex            0%         N/A       100%        7
 Ozocubu's Refrigeration  Ice            0%         4d7       100%        7
 Storm Form               Tmut/Air       0%         N/A       100%        7


Dungeon Overview and Level Annotations

Branches:
Dungeon (12/15)            Temple (1/1) D:6            Lair (1/5) D:8
    Orc (0/2) D:12        Ossuary (visited)          Bailey (visited)
  IceCv (1/1)

Altars:
Ashenzari
Cheibriados
Dithmenos
Elyvilon
Fedhas
Gozag
Hepliaklqana
Kikubaaqudgha
Nemelex Xobeh
Okawaru
Qazlal
Ru
Sif Muna
Trog
Uskayaw
Vehumet
Wu Jian
Xom
Yredelemnul
Zin
The Shining One

Shops:
D:3 ?   D:6 !

Annotations:
D:3 2 runed translucent doors, Zeor's ghost, amateur BaHu


Innate Abilities, Weirdness & Mutations

You are too large for most types of armour.
You have claws for hands.
Your natural rate of healing is unusually fast.
You are covered in fur. (AC +1)
You have tough skin. (AC +1)


Message History

Found a viscous altar of Jiyva.
You closely miss the azure jelly. You block the azure jelly's attack.
The azure jelly hits you. The azure jelly freezes you! You resist.
The azure jelly hits you but does no damage.
The azure jelly hits you!
You scratch the azure jelly.
The azure jelly is lightly wounded.
The azure jelly jiggles.
The azure jelly hits you! The azure jelly freezes you! You resist.
The azure jelly hits you. The azure jelly freezes you! You resist.
The azure jelly hits you.
The azure jelly hits you but does no damage.
Okay, then.
You feel very mighty all of a sudden.
The azure jelly hits you but does no damage.
The azure jelly hits you. The azure jelly freezes you! You resist.
The azure jelly hits you but does no damage.
You block the azure jelly's attack.
You claw the azure jelly!
The azure jelly is moderately wounded.
The azure jelly hits you but does no damage.
You block the azure jelly's attack. The azure jelly hits you.
The azure jelly hits you but does no damage.
You spin and attack the azure jelly.
You claw the azure jelly!
The azure jelly is heavily wounded.
You spin and attack the azure jelly.
You mangle the azure jelly!!
The azure jelly is heavily wounded.
You block the azure jelly's attack. x2; The azure jelly hits you.
The azure jelly closely misses you. The azure jelly hits you.
The azure jelly freezes you! You resist.
* * * LOW HITPOINT WARNING * * *
The azure jelly hits you but does no damage.
The azure jelly hits you.
* * * LOW HITPOINT WARNING * * *
The azure jelly hits you!
* * * LOW HITPOINT WARNING * * *
You feel yourself speed up. The azure jelly hits you.
* * * LOW HITPOINT WARNING * * *
The azure jelly freezes you!! You resist.
You die...

#.).#...##...#...#..#
#..##...##..##......#
#..#....##..##......#
..##..####..##......#
..#...# #..##......#
.##..## #..##.##..##
.##..# ##..##..##.#
..#..## #..###..####
..##..###..# #..@#
..##..##...##..JJ#
#.##...#...##.....#
#..##......#.......#
#...##....##.......#
##...#....#...#.#...
.#...##..##.........#
.##...##.##..#._.#..#
..##..####


You could see 2 azure jellies.

Vanquished Creatures
  A quicksilver ooze (IceCv)
  2 two-headed ogres
  Erica (D:9)
  3 death yaks (D:8)
  2 ugly things (D:12)
  Joseph (D:9)
  Maggie (D:7)
  3 gargoyles
  2 ice statues (IceCv)
  Psyche (D:8)
  A rime drake (Lair:1)
  3 trolls
  3 blink frogs (Lair:1)
  A hornet (D:10)
  Prince Ribbit (D:6)
  7 slime creatures (IceCv)
  Sigmund (D:4)
  A vampire (Bailey)
  3 shadows (D:12)
  A wyvern (D:10)
  A wraith (D:9)
  19 yaks
  A warg (D:12)
  3 steam dragons
  An acid dragon (D:12)
  2 water moccasins
  3 orc warriors
  An ice beast (D:4)
  A black bear (D:5)
  6 great orb of eyes simulacra (IceCv)
  4 ogres
  2 phantoms
  3 centaurs
  5 slime creature simulacra (IceCv)
  2 elf zombies (Ossuary)
  A kobold brigand (D:6)
  2 bullfrogs
  4 glowing shapeshifter simulacra (IceCv)
  2 scorpions (D:6)
  15 killer bees
  7 vampire bats (Bailey)
  An electric eel (D:9)
  6 wolf zombies (Bailey)
  3 howler monkeys (D:10)
  4 hounds
  3 orc priests
  Crazy Yiuf (D:6)
  A gnoll bouda (D:9)
  4 human zombies (Ossuary)
  A jelly (D:5)
  A sleepcap (D:6)
  Terence (D:3)
  Natasha (thrice) (D:3)
  6 iguanas
  12 orc wizards
  A shapeshifter simulacrum (IceCv)
  2 hound zombies (Ossuary)
  3 mummies (Ossuary)
  5 gnolls (D:9)
  15 adders
  3 white imps
  An ufetubus (D:6)
  A worm zombie (D:4)
  2 adder zombies (Ossuary)
  3 worms
  3 dart slugs
  30 orcs
  6 bats
  6 endoplasms
  3 giant cockroaches
  9 goblins
  11 hobgoblins
  2 jackals (D:4)
  12 kobolds
  6 quokkas
  6 ball pythons
  3 frilled lizards (D:2)
  2 gnoll zombies (Ossuary)
  5 goblin zombies
  5 hobgoblin zombies (Ossuary)
  2 jackal zombies (Ossuary)
  2 kobold zombies (Ossuary)
  23 orc zombies
  4 quokka zombies (Ossuary)
  4 rats
  2 rat zombies (Ossuary)
353 creatures vanquished.

Notes
Turn   | Place    | Note
-------+----------+-------------------------------------------
     0 | D:1      | monsoonserge the Troll Fighter began the quest for the Orb.
     0 | D:1      | Reached XP level 1. HP: 22/22 MP: 0/0
   213 | D:1      | Reached XP level 2. HP: 29/29 MP: 1/1
   420 | D:1      | Reached XP level 3. HP: 33/36 MP: 2/2
   492 | D:1      | Found a faded altar of an unknown god.
   646 | D:1      | Reached skill level 3 in Unarmed Combat
   959 | D:2      | Reached XP level 4. HP: 44/44 MP: 3/3
  1191 | D:3      | Noticed Terence
  1191 | D:3      | Found a runed translucent door.
  1268 | D:3      | Killed Terence
  1288 | D:3      | Noticed Natasha
  1291 | D:3      | Noticed Zeor's ghost (amateur BaHu)
  1292 | D:3      | Noticed a bullfrog
  1294 | D:3      | Killed Natasha
  1295 | D:3      | Reached skill level 4 in Unarmed Combat
  1295 | D:3      | Reached XP level 5. HP: 38/53 MP: 4/4
  1317 | D:3      | Noticed Natasha
  1329 | D:3      | Killed Natasha
  1337 | D:3      | Noticed Natasha
  1344 | D:3      | Killed Natasha
  1537 | D:3      | Noticed a phantom
  1545 | D:3      | Killed a phantom
  1546 | D:3      | Reached XP level 6. HP: 61/61 MP: 5/5
  1605 | D:3      | Found The Oracle's Delphic Readings.
  1614 | D:3      | Bought a scroll of teleportation for 39 gold pieces
  1739 | D:3      | Found a runed translucent door.
  1797 | D:4      | Found a stormy altar of Qazlal.
  1817 | D:4      | Noticed an ice beast
  1832 | D:4      | Killed an ice beast
  1833 | D:4      | Reached skill level 5 in Unarmed Combat
  1839 | D:4      | Found a shimmering blue altar of Sif Muna.
  1913 | D:4      | Noticed Sigmund
  1926 | D:4      | Killed Sigmund
  1927 | D:4      | Reached XP level 7. HP: 56/70 MP: 6/6
  1991 | D:4      | Reached skill level 6 in Unarmed Combat
  2013 | D:4      | Found a sand-covered staircase.
  2030 | D:4      | Noticed a steam dragon
  2045 | D:4      | Killed a steam dragon
  2091 | Ossuary  | Entered an ossuary
  2155 | Ossuary  | Reached skill level 5 in Shields
  2155 | Ossuary  | Reached XP level 8. HP: 79/79 MP: 7/7
  2224 | Ossuary  | Reached skill level 7 in Unarmed Combat
  2938 | D:5      | Entered Level 5 of the Dungeon
  2957 | D:5      | Reached skill level 5 in Fighting
  3054 | D:5      | Found a glowing silver altar of Zin.
  3118 | D:5      | Found a broken altar of Ashenzari.
  3215 | D:5      | Reached skill level 8 in Unarmed Combat
  3393 | D:5      | Found a sacrificial altar of Ru.
  3484 | D:6      | Found Ufax's Distillery.
  3489 | D:6      | Bought a potion of curing for 45 gold pieces
  3555 | D:6      | Reached XP level 9. HP: 88/88 MP: 8/8
  3591 | D:6      | Found a runed translucent door.
  3592 | D:6      | Noticed Crazy Yiuf
  3643 | D:6      | Found a staircase to the Ecumenical Temple.
  3652 | Temple   | Entered the Ecumenical Temple
  3687 | Temple   | Became a worshipper of the Wu Jian Council
  3735 | D:6      | Noticed Prince Ribbit
  3760 | D:6      | Killed Prince Ribbit
  3850 | D:6      | Reached skill level 9 in Unarmed Combat
  4235 | D:6      | Killed Crazy Yiuf
  4359 | D:7      | Noticed Maggie
  4379 | D:7      | Killed Maggie
  4383 | D:7      | Reached * piety under Wu Jian
  4492 | D:7      | Reached skill level 10 in Unarmed Combat
  4618 | D:7      | Found a flagged portal.
  4649 | Bailey   | Entered a bailey
  4751 | Bailey   | Reached XP level 10. HP: 100/100 MP: 9/9
  4808 | Bailey   | Reached ** piety under Wu Jian
  4914 | Bailey   | Noticed a gargoyle
  4923 | Bailey   | Killed a gargoyle
  4973 | Bailey   | Identified the +8 plate armour of the Endless Expanse {rC-
                  | Int+8}
  4978 | Bailey   | Identified the +6 scimitar "Lidalyn" {holy, Stlth+}
  4981 | Bailey   | Got Exateuh's Enchiridion on Voltage and Summoning
  5944 | D:8      | Reached skill level 11 in Unarmed Combat
  5990 | D:8      | Found a basalt altar of Yredelemnul.
  5991 | D:8      | Noticed Psyche
  5994 | D:8      | Noticed a five-headed hydra
  5996 | D:8      | Killed Psyche
  6011 | D:9      | Noticed Joseph
  6030 | D:9      | Killed Joseph
  6156 | D:9      | Noticed Erica
  6174 | D:9      | Killed Erica
  6244 | D:9      | Found a shimmering altar of Xom.
  6409 | D:9      | Reached skill level 12 in Unarmed Combat
  6423 | D:9      | Reached *** piety under Wu Jian
  6612 | D:9      | Found a shadowy altar of Dithmenos.
  6613 | D:9      | Found a white marble altar of Elyvilon.
  6866 | D:10     | Entered Level 10 of the Dungeon
  6870 | D:10     | Reached XP level 11. HP: 109/109 MP: 10/10
  7124 | D:10     | Identified the +5 long sword "Hopuy" {antimagic, *Rage
                  | rPois Int+2 Dex+3}
  7156 | D:10     | Found a sparkling altar of Nemelex Xobeh.
  7350 | D:11     | Noticed a two-headed ogre
  7358 | D:11     | Killed a two-headed ogre
  8116 | D:12     | Found a staircase to the Orcish Mines.
  8117 | D:12     | Noticed a cyan ugly thing
  8129 | D:12     | Killed a cyan ugly thing
  8415 | D:12     | Noticed a two-headed ogre
  8419 | D:12     | Killed a two-headed ogre
  8420 | D:12     | Reached skill level 13 in Unarmed Combat
  8566 | D:12     | Identified the +2 dagger "Lufarog" {distort, Int+2}
  8663 | D:12     | Noticed a green ugly thing
  8669 | D:12     | Killed a green ugly thing
  9191 | D:8      | Noticed a death yak
  9196 | D:8      | Noticed a death yak
  9201 | D:8      | Killed a death yak
  9208 | D:8      | Noticed a death yak
  9211 | D:8      | Killed a death yak
  9211 | D:8      | Reached **** piety under Wu Jian
  9225 | D:8      | Killed a death yak
  9226 | D:8      | Reached XP level 12. HP: 72/122 MP: 5/11
  9275 | D:8      | Found a staircase to the Lair.
  9296 | Lair:1   | Entered Level 1 of the Lair of Beasts
  9315 | Lair:1   | Reached skill level 5 in Dodging
  9360 | Lair:1   | Found a frozen archway.
  9376 | IceCv    | Entered an ice cave
  9438 | IceCv    | Noticed a quicksilver ooze
  9447 | IceCv    | Killed a quicksilver ooze
  9448 | IceCv    | Reached skill level 14 in Unarmed Combat
  9868 | IceCv    | Noticed an azure jelly
  9870 | IceCv    | Found a viscous altar of Jiyva.
  9870 | IceCv    | Noticed an azure jelly
  9876 | IceCv    | Mangled by an azure jelly

Illustrated notes

Levels and vault maps discovered:
D:1:      dpeg_arrival_yet_another_circle, layout_basic,
          dreamdust_ecumenical_altar_hidden_monk_grotto
D:2:      layout_rooms
D:3:      layout_basic, ebering_ghost_sewer_f, nicolae_nh_oracle_at_delphi,
          uniq_natasha, uniq_terence
D:4:      layout_loops_cross, mainiacjoe_overflow_boulevard, lemuel_round_altar,
          enter_ossuary_3, uniq_sigmund
D:5:      layout_rooms, mainiacjoe_overflow_concentric_impassable,
          evilmike_ruin_ashenzari, nicolae_ru_the_path_less_chosen,
          kennysheep_generic_room_7
D:6:      layout_loops_ring, minmay_temple_entry_wispy, serial_shops,
          kennysheep_little_box, uniq_crazy_yiuf_cottage, uniq_prince_ribbit1
D:7:      layout_layer_cave, enter_bailey_2, uniq_maggie
D:8:      layout_basic, lemuel_round_altar, mainiacjoe_overflow_chevrons,
          dpeg_lair_monsters, serial_glass, glass_columns_a, glass_columns_a,
          minmay_diamond_spiral, uniq_psyche, uniq_maurice
D:9:      layout_loops_cross, lemuel_round_altar, nicolae_overflow_squiral,
          uniq_erica, uniq_joseph
D:10:     layout_cave_pools, nemelex_diamond_rough_becter,
          hangedman_decor_peaks_small
D:11:     layout_irregular_city, chequers_serial_rivers_small_3
D:12:     layout_grid_maze, david_orc_3,
          hangedman_abyss_or_decor_jellyfish_corner
Temple:   hellmonk_temple_of_storms
Lair:1:   layout_misc_corridors, portal_ice_cave_entry_pillars_1,
          cheibrodos_lair_caveside_slide, st_stairs_8, minmay_shattered_shrine
IceCv:    ice_cave_hellmonk_azure_passage

Skill      XL: |  1  2  3  4  5  6  7  8  9 10 11 12 |
---------------+-------------------------------------+-----
Shields        | 3 4 5 7 8 9 |  9.8
Unarmed Combat | 3 4 5 6 8 10 12 13 14 | 14.3
Fighting       | 3 4 5 6 7 8 9 |  9.0
Dodging        | 3 4 5 |  5.6

Action                     |  1- 3 |  4- 6 |  7- 9 | 10-12 || total
---------------------------+-------+-------+-------+-------++-------
  Melee: Unarmed           |   110 |   134 |   372 |   585 ||  1201
Ability: Whirlwind         |       |       |    37 |   115 ||   152
         Lunge             |       |       |     9 |    38 ||    47
    Use: Potion            |       |       |     1 |     2 ||     3
         Scroll            |       |       |       |    11 ||    11
   Stab: Sleeping          |     1 |     1 |     5 |       ||     7
 Armour: Robe              |    33 |    29 |    38 |     9 ||   109
         Swamp dragon scal |       |       |    38 |   121 ||   159
         Steam dragon scal |       |       |    10 |       ||    10
  Dodge: Dodged            |    28 |    52 |    91 |   107 ||   278
  Block: Kite shield       |    53 |    60 |   176 |   175 ||   464
